 Dungeon Crawl Stone Soup version 0.29.1-2-gbd0b4ee654 (webtiles) character file.

Game seed: 12295261291450984850

1053 KittyFluff the Cudgeller (level 8, -4/49 HPs)
             Began as a Gargoyle Berserker on Nov 14, 2022.
             Was a Priest of Trog.
             Killed from afar by a steam dragon (14 damage)
             ... with a ball of steam
             ... on level 6 of the Dungeon.
             The game lasted 00:24:46 (5685 turns).

KittyFluff the Cudgeller (Gargoyle Berserker)       Turns: 5685, Time: 00:24:49

Health: -4/49      AC: 10    Str: 21    XL:     8   Next: 26%
Magic:  8/8        EV: 12    Int:  8    God:    Trog [***...]
Gold:   287        SH:  5    Dex: 11    Spells: 7/7 levels left

rFire   . . .      SeeInvis .   D - +1 mace (drain)
rCold   . . .      Faith    .   (no shield)
rNeg    + . .      Spirit   .   E - +0 leather armour
rPois   ∞          Reflect  +   (no helmet)
rElec   +          Harm     .   (no cloak)
rCorr   .          Rampage  .   s - +0 pair of gloves
Will    .....                   (no boots)
Stlth   +.........              F - amulet of reflection
HPRegen 0.16/turn               o - ring of flight
MPRegen 0.11/turn               (no ring)

@: flying
A: sickness immunity, AC +5, negative energy resistance 1, electricity
resistance, torment resistance 1, petrification resistance
a: Renounce Religion, Berserk, Trog's Hand


You were on level 6 of the Dungeon.
You worshipped Trog.
Trog was most pleased with you.
You visited 1 branch of the dungeon, and saw 6 of its levels.
You also visited: Sewer.

You collected 307 gold pieces.
You spent 20 gold pieces at shops.

Inventory:

Hand Weapons
 a - a +0 arbalest
 B - a +0 sling
 D - a +1 mace of draining (weapon)
Missiles
 h - 13 boomerangs (quivered)
 l - 5 atropa-tipped darts
 A - 3 poisoned darts
Armour
 n - a +0 scale mail of cold resistance
 s - a +0 pair of gloves (worn)
 v - a +4 ring mail
 E - a +0 leather armour (worn)
 G - a +0 ring mail of cold resistance
Magical Staves
 b - a staff of death
Jewellery
 i - an amulet of the acrobat
 k - a ring of ice
 o - a ring of flight (left hand)
 y - an amulet of magic regeneration
 F - an amulet of reflection (around neck)
Wands
 u - a wand of digging (9)
Scrolls
 c - 4 scrolls of identify
 e - 3 scrolls of vulnerability {unknown}
 f - a scroll of fog {unknown}
 g - a scroll of immolation {unknown}
 m - 3 scrolls of fear {unknown}
 p - 3 scrolls of teleportation
 r - a scroll of brand weapon {unknown}
 x - 3 scrolls of enchant armour {unknown}
 C - a scroll of blinking {unknown}
Potions
 d - 2 potions of heal wounds
 j - 5 potions of flight
 q - 3 potions of might
 t - 2 potions of attraction
 w - a potion of lignification
 z - a potion of magic


   Skills:
 + Level 5.3 Fighting
 + Level 6.5 Maces & Flails
 * Level 5.1 Armour
 + Level 3.5 Dodging
 + Level 1.8 Stealth
 + Level 1.2 Shields


You had 7 spell levels left.
You didn't know any spells.
Your spell library was empty.

Dungeon Overview and Level Annotations

Branches:
Dungeon (6/15)             Temple (0/1) D:6           Sewer (visited)

Altars:
Qazlal
Sif Muna
Wu Jian
Zin

Shops:
D:1 ?   D:5 *


Innate Abilities, Weirdness & Mutations

You are immune to sickness and miasma.
Your stone body is resilient. (AC +5)
You are immune to poison.
You resist negative energy. (rN+)
You are resistant to electric shocks. (rElec)
You are resistant to unholy torment.
You are immune to petrification.


Message History

You hit the steam dragon. You drain the steam dragon.
The steam dragon is severely wounded.
The steam dragon bites you but does no damage.
The steam dragon barely misses you.
You barely miss the steam dragon.
The steam dragon is severely wounded.
The steam dragon closely misses you. x2
You hit the steam dragon but do no damage.
The steam dragon is severely wounded.
The steam dragon barely misses you.
The steam dragon claws you but does no damage.
You closely miss the steam dragon.
The steam dragon is severely wounded.
The steam dragon breathes steam at you. The ball of steam hits you.
You hit the steam dragon.
The steam dragon is almost dead.
You are engulfed in a cloud of scalding steam.
The steam dragon bites you.
The steam dragon claws you but does no damage.
You barely miss the steam dragon.
The steam dragon is almost dead.
You are engulfed in a cloud of scalding steam.
The steam dragon closely misses you. You block the steam dragon's attack.
You barely miss the steam dragon.
The steam dragon is almost dead.
You block the steam dragon's attack. The steam dragon misses you.
You hit the steam dragon but do no damage.
You drain the steam dragon.
The steam dragon is almost dead.
The steam dragon breathes steam at you. The ball of steam hits you.
You closely miss the steam dragon.
The steam dragon is almost dead.
You are engulfed in a cloud of scalding steam.
* * * LOW HITPOINT WARNING * * *
The steam dragon barely misses you. You block the steam dragon's attack.
The steam dragon breathes steam at you. The ball of steam hits you!
You die...

#.# #.###
########## #....
......D@# #...
...####.# #..#
#..# #.#
###..#####..####.#
...............#.#
##....<.....##.#.#
#...........##.#.#
###888#####.##.#.#
#8..58# #..<...#


You could see a steam dragon (catching breath, very drained).

Vanquished Creatures
  The ghost of TheSexyCheese the Covered, an amateur MiFi of Gozag (D:5)
  An orc warrior (D:5)
  A black bear (D:6)
  2 scorpions
  A hound (D:5)
  4 orc priests
  Jessica (D:3)
  Ijyb (D:3)
  An orc wizard (D:5)
  2 iguanas (D:4)
  A merfolk siren (Sewer)
  A merfolk avatar (Sewer)
  9 adders
  2 river rats (Sewer)
  A shadow imp (D:5)
  16 orcs
  4 bats (D:1)
  6 endoplasms
  5 giant cockroaches
  3 goblins
  4 hobgoblins
  4 jackals (D:1)
  7 quokkas
  6 ball pythons
  6 frilled lizards
  6 kobolds
  22 rats
118 creatures vanquished.

Vanquished Creatures (others)
  A plant (D:5)
  3 toadstools (D:6)
4 creatures vanquished.

Grand Total: 122 creatures vanquished

Notes
Turn   | Place    | Note
-------+----------+-------------------------------------------
     0 | D:1      | KittyFluff the Gargoyle Berserker began the quest for the
                  | Orb.
     0 | D:1      | Reached XP level 1. HP: 14/14 MP: 1/1
    78 | D:1      | Reached XP level 2. HP: 19/19 MP: 2/2
   830 | D:1      | Found Faineroc's Magic Scroll Shoppe.
   833 | D:1      | Bought a scroll of identify for 20 gold pieces
   933 | D:2      | Reached XP level 3. HP: 24/24 MP: 3/3
  1154 | D:2      | Found a faded altar of an unknown god.
  1376 | D:2      | Reached ** piety under Trog
  1639 | D:3      | Reached XP level 4. HP: 23/29 MP: 4/4
  1693 | D:3      | Noticed Ijyb
  1714 | D:3      | Killed Ijyb
  1715 | D:3      | Reached skill level 4 in Maces & Flails
  2000 | D:3      | Found a glowing drain.
  2015 | Sewer    | Entered a sewer
  2193 | Sewer    | Reached XP level 5. HP: 27/33 MP: 5/5
  2472 | Sewer    | Noticed a malarious merfolk avatar
  2489 | Sewer    | Reached *** piety under Trog
  2504 | Sewer    | Killed a malarious merfolk avatar
  2510 | Sewer    | Reached XP level 6. HP: 34/39 MP: 6/6
  2840 | D:3      | Noticed Jessica
  2843 | D:3      | Killed Jessica
  3162 | D:4      | Reached skill level 5 in Maces & Flails
  3629 | D:4      | Reached skill level 1 in Stealth
  3629 | D:4      | Reached XP level 7. HP: 44/44 MP: 7/7
  4238 | D:5      | Entered Level 5 of the Dungeon
  4312 | D:5      | Reached skill level 5 in Fighting
  4410 | D:5      | Found Wemab's Lightly-Used Armoury.
  4551 | D:5      | Found a glowing silver altar of Zin.
  4689 | D:5      | Found a stormy altar of Qazlal.
  4689 | D:5      | Found an ornate altar of the Wu Jian Council.
  4689 | D:5      | Found a shimmering blue altar of Sif Muna.
  4907 | D:5      | Found a runed translucent door.
  4908 | D:5      | Noticed TheSexyCheese's ghost (amateur MiFi)
  5182 | D:5      | Killed TheSexyCheese's ghost
  5183 | D:5      | Reached skill level 6 in Maces & Flails
  5183 | D:5      | Reached skill level 5 in Armour
  5183 | D:5      | Reached skill level 1 in Shields
  5183 | D:5      | Reached XP level 8. HP: 36/49 MP: 8/8
  5637 | D:6      | Found a staircase to the Ecumenical Temple.
  5685 | D:6      | Killed from afar by a steam dragon

Illustrated notes

Levels and vault maps discovered:
D:1:      ebering_hopf_link, layout_basic, serial_shops,
          nicolae_shop_behind_doors, minmay_pentomino_v2
D:2:      wander_river, layout_rooms,
          hellmonk_ecumenical_altar_pennies_from_heaven
D:3:      layout_loops_cross, portal_sewer_entry_f, kennysheep_jessica_study,
          uniq_ijyb
D:4:      layout_gridville, nicolae_kite_square_tiling_tiny
D:5:      layout_layer_cave, kennysheep_mini_moat,
          gammafunk_temple_overflow_forgotten, gammafunk_ghost_grave,
          minmay_shop_damaged, corexii_shack
D:6:      layout_loops_corners, minmay_temple_entry_statues,
          minmay_gold_behind_fungi, uniq_grinder

Skill      XL: |  1  2  3  4  5  6  7 |
---------------+----------------------+-----
Dodging        | 2 3 |  3.5
Fighting       | 4 5 |  5.3
Maces & Flails | 4 5 6 |  6.5
Armour         | 3 5 |  5.1
Stealth        | 1 |  1.8
Shields        | 1 |  1.2

Action                   |  1- 3 |  4- 6 |  7- 9 || total
-------------------------+-------+-------+-------++-------
Melee: Mace              |   106 |   196 |   117 ||   419
       Punch             |     1 |     1 |       ||     2
Throw: Boomerang         |       |     1 |       ||     1
Invok: Berserk           |       |     2 |     1 ||     3
  Use: Scroll            |     2 |     4 |       ||     6
       Potion            |       |     1 |       ||     1
 Stab: Distracted        |       |       |     1 ||     1
Armor: Animal skin       |    38 |    81 |       ||   119
       Leather armour    |       |     6 |    37 ||    43
Dodge: Dodged            |    80 |   164 |    77 ||   321
Block: Other             |       |       |    31 ||    31
